 Dungeon Crawl Stone Soup version 0.25-a0-353-ged6d54792d (webtiles) character file.

Game seed: 6164984644980168154, levelgen mode: deterministic

289 BritishOli the Ducker (level 6, -4/47 HPs)
             Began as a Demonspawn Gladiator on Jan 2, 2020.
             Slain by Duvessa
             ... wielding a +0 short sword
              (7 damage)
             ... on level 4 of the Dungeon.
             The game lasted 00:02:59 (2916 turns).

BritishOli the Ducker (Demonspawn Gladiator)        Turns: 2916, Time: 00:03:00

Health: -4/47      AC:  3    Str: 17    XL:     6   Next: 9%
Magic:  15/15      EV: 14    Int:  9    God:
Gold:   222        SH:  0    Dex: 18    Spells: 5/5 levels left

rFire    . . .     SeeInvis .   a - +0 long sword
rCold    . . .     Gourm    .   (no shield)
rNeg     . . .     Faith    .   b - +0 leather armour
rPois    .         Spirit   .   (helmet restricted)
rElec    .         Reflect  .   (no cloak)
rCorr    .         Harm     .   (no gloves)
MR       .....                  (no boots)
Stlth    ++........             (no amulet)
HPRegen  0.15/turn              i - ring of magical power (curse)
MPRegen  0.14/turn              n - ring of attention (curse)

@: no status effects
A: antennae 1, talons 1, camouflage 1, agile 2, nightstalker 1, spiny 1
a: no special abilities


You were on level 4 of the Dungeon.
You were not hungry.

You visited 1 branch of the dungeon, and saw 4 of its levels.

You collected 222 gold pieces.

Inventory:

Hand Weapons
 a - a +0 long sword (weapon)
Missiles
 d - 3 throwing nets (quivered)
Armour
 b - a +0 leather armour (worn)
 c - a +0 helmet
Jewellery
 e - an uncursed ring of see invisible
 i - a cursed ring of magical power (left hand)
 n - a cursed ring of attention (right hand)
 o - an uncursed amulet of magic regeneration
 t - an uncursed ring of stealth {unknown}
Scrolls
 g - a scroll of random uselessness {unknown}
 h - 6 scrolls of identify {unknown}
 j - 3 scrolls of remove curse {unknown}
 l - a scroll of amnesia {unknown}
 m - a scroll of blinking {unknown}
 p - 2 scrolls of immolation {unknown}
 u - 2 scrolls of teleportation {unknown}
 v - a scroll of magic mapping {unknown}
 w - a scroll of enchant armour {unknown}
Potions
 k - 4 potions of lignification {unknown}
 q - a potion of heal wounds {unknown}
 r - 2 potions of curing
 s - a potion of agility {unknown}
Comestibles
 f - 4 rations


   Skills:
 + Level 3.6 Fighting
 + Level 3.8 Long Blades
 + Level 3.2 Throwing
 + Level 3.8 Dodging


You had 5 spell levels left.
You didn't know any spells.
Your spell library was empty.

Dungeon Overview and Level Annotations

Branches:
Dungeon (4/15)
 Temple: D:4-7

Altars:
Qazlal
Trog
Zin
The Shining One

Annotations:
D:4 Dowan, Duvessa


Innate Abilities, Weirdness & Mutations

You have a pair of small antennae on your head.
You are slightly more attuned to the shadows.
You are partially covered in sharp spines.
You have sharp toenails.
Your skin changes colour to match your surroundings (Stealth+).
You are very agile. (Dex +4)


Message History

Dowan is heavily wounded.
The hound barks!
You hear an angry hiss.
Found a scale mail.
Found a stone staircase leading down.
There are monsters nearby!
You barely miss Dowan. You claw Dowan, but do no damage.
Dowan is heavily wounded.
Duvessa hits you with a +0 short sword! Dowan barely misses you.
Duvessa hits you with a +0 short sword! Dowan casts a spell at you.
The puff of flame misses you.
You hit Duvessa but do no damage. You claw Duvessa, but do no damage.
Duvessa hits you with a +0 short sword!
* * * LOW HITPOINT WARNING * * *
Duvessa hits you with a +0 short sword.
* * * LOW HITPOINT WARNING * * *
Dowan says, "Where the sword fails, magic succeeds!"
You closely miss Duvessa. Duvessa barely misses you.
An iguana comes into view.
Duvessa hits you with a +0 short sword!
You die...

..#.#.##...###.<.........#.#####.
..#........# #####...#####.# #.
..###.###..# #.........# #.
##....###..# #...####### (.
##.........# #...# #.
.....####.## ##.## ........#.#
####.# ........#.# #....#
..........# #@#### .....######
#e# ##...# ......eh.# #...#
.^.[...#.# #### >.........#
....!... ... .......l..#..
......... ###


You could see Duvessa (berserk), Dowan, an iguana and a hound.

Vanquished Creatures
  A crimson imp (D:4)
  2 hounds (D:4)
  Crazy Yiuf (D:3)
  A hound zombie (D:2)
  7 adders
  2 oozes
  2 worms (D:3)
  2 leopard geckos
  7 orcs
  6 bats
  5 giant cockroaches
  2 goblins
  8 hobgoblins
  2 jackals (D:3)
  5 kobolds
  3 quokkas
  A ball python (D:3)
  5 frilled lizards
  A quokka skeleton (D:4)
  6 rats
69 creatures vanquished.

Notes
Turn   | Place    | Note
-------+----------+-------------------------------------------
     0 | D:1      | BritishOli the Demonspawn Gladiator began the quest for the
                  | Orb.
     0 | D:1      | Reached XP level 1. HP: 16/16 MP: 1/1
   283 | D:1      | Gained mutation: You are partially covered in sharp spines.
                  | [demonic ancestry]
   283 | D:1      | Reached XP level 2. HP: 22/22 MP: 2/2
   836 | D:2      | Gained mutation: You have a pair of small antennae on your
                  | head. [demonic ancestry]
   836 | D:2      | Reached XP level 3. HP: 19/28 MP: 3/3
  1397 | D:2      | Reached XP level 4. HP: 34/34 MP: 4/4
  1421 | D:2      | Found a stormy altar of Qazlal.
  1658 | D:2      | Gained mutation: You have sharp toenails. [potion of
                  | mutation]
  1658 | D:2      | Gained mutation: Your skin changes colour to match your
                  | surroundings (Stealth+). [potion of mutation]
  1658 | D:2      | Gained mutation: You are agile. (Dex +2) [potion of
                  | mutation]
  1658 | D:2      | Gained mutation: You are very agile. (Dex +4) [potion of
                  | mutation]
  2199 | D:3      | Gained mutation: You are slightly more attuned to the
                  | shadows. [demonic ancestry]
  2199 | D:3      | Reached XP level 5. HP: 25/41 MP: 5/5
  2281 | D:3      | Found a runed translucent door.
  2282 | D:3      | Noticed Crazy Yiuf
  2322 | D:3      | Found a glowing silver altar of Zin.
  2322 | D:3      | Found a glowing golden altar of the Shining One.
  2541 | D:3      | Found a bloodstained altar of Trog.
  2604 | D:3      | Killed Crazy Yiuf
  2809 | D:4      | Reached XP level 6. HP: 44/47 MP: 6/6
  2910 | D:4      | Noticed Duvessa
  2910 | D:4      | Noticed Dowan
  2916 | D:4      | Slain by Duvessa

Levels and vault maps discovered:
D:1:      minmay_arrival_shattered_statue, layout_basic
D:2:      layout_rooms, minmay_statues_item, grunt_qazlal_sundering
D:3:      layout_rooms, gammafunk_temple_overflow_elements,
          lightli_temple_of_fire, first_ration, minmay_circle_x,
          uniq_crazy_yiuf_cottage
D:4:      layout_loops_cross, uniq_duvessa, uniq_edmund

Skill      XL: |  1  2  3  4  5 |
---------------+----------------+-----
Throwing       | 2 3 |  3.2
Long Blades    | 3 |  3.8
Dodging        | 3 |  3.8
Fighting       | 3 |  3.6

Action                   |  1- 3 |  4- 6 || total
-------------------------+-------+-------++-------
Melee: Long sword        |    44 |    81 ||   125
       Kick              |       |    34 ||    34
  Use: Potion            |       |     3 ||     3
 Stab: Sleeping          |       |     1 ||     1
  Eat: Chunk             |     1 |     5 ||     6
Armor: Leather armour    |     9 |    11 ||    20
Dodge: Dodged            |    37 |    60 ||    97
       Rpst.: Long sword |    10 |    18 ||    28

Table legend:
 A = Non-vault XP
 B = Vault XP
 C = Vault XP percentage of total XP
 D = Non-vault monster count
 E = Vault monster count
 F = Vault count percentage of total count
                 A         B        C        D         E       F
            +---------+---------+-------+---------+---------+-------
      Total |     345 |      68 |  16.5 |      61 |       8 |  11.6
            +---------+---------+-------+---------+---------+-------
        D:1 |      17 |       0 |   0.0 |      10 |       0 |   0.0
        D:2 |      91 |       0 |   0.0 |      17 |       0 |   0.0
        D:3 |      95 |      68 |  41.7 |      28 |       8 |  22.2
        D:4 |     142 |       0 |   0.0 |       6 |       0 |   0.0
            +---------+---------+-------+---------+---------+-------
